 Dungeon Crawl Stone Soup version 0.29-a0-330-g52719c12eb (webtiles) character file.

Game seed: 13004948041221419311

49 Crownlay the Shooter (level 3, -1/18 HPs)
             Began as a Spriggan Hunter on May 13, 2022.
             Killed by nerve-wracking pain
             ... invoked by Jessica
              (11 damage)
             ... on level 3 of the Dungeon.
             The game lasted 00:02:23 (1214 turns).

Crownlay the Shooter (Spriggan Hunter)              Turns: 1214, Time: 00:02:24

Health: -1/18      AC:  2    Str:  7    XL:     3   Next: 51%
Magic:  4/4        EV: 18    Int: 10    God:
Gold:   107        SH:  0    Dex: 20    Spells: 2/2 levels left

rFire   . . .      SeeInvis +   a - +1 shortbow
rCold   . . .      Faith    .   (shield currently unavailable)
rNeg    . . .      Spirit   .   b - +0 robe
rPois   .          Reflect  .   (helmet restricted)
rElec   .          Harm     .   (no cloak)
rCorr   .          Rampage  .   (gloves unavailable)
Will    .....                   (boots unavailable)
Stlth   ++........              (no amulet)
HPRegen 0.06/turn               (no ring)
MPRegen 0.09/turn               (no ring)

@: very quick
A: very small, no large weapons, unfitting armour, see invisible, speed 3
a: no special abilities


You were on level 3 of the Dungeon.
You visited 1 branch of the dungeon, and saw 3 of its levels.

You collected 107 gold pieces.

Inventory:

Hand Weapons
 a - a +1 shortbow (weapon)
Armour
 b - a +0 robe (worn)
Jewellery
 h - a +4 ring of protection
Scrolls
 c - a scroll of immolation
 g - 3 scrolls of identify {unknown}
 i - a scroll of teleportation {unknown}
Potions
 d - a potion of haste {unknown}
 e - a potion of brilliance {unknown}
 f - 3 potions of curing {unknown}


   Skills:
 + Level 2.0 Fighting
 * Level 5.5 Bows
 + Level 3.4 Dodging
 + Level 2.7 Stealth


You had 2 spell levels left.
You didn't know any spells.
Your spell library was empty.

Dungeon Overview and Level Annotations

Branches:
Dungeon (3/15)

Altars:

Annotations:
D:3 Jessica


Innate Abilities, Weirdness & Mutations

You are very small and have problems with some larger weapons.
You are too small for most types of armour.
You have supernaturally acute eyesight. (SInv)
You cover ground extremely quickly. (Speed+++)


Message History

You see here a worm corpse.
An endoplasm comes into view.
An endoplasm is nearby!
You shoot an arrow. The endoplasm quivers.
The arrow hits the endoplasm.
You kill the endoplasm!
No target in view!
Things that are here:
a +0 dagger; 4 stones You see here a +0 plate armour.
Done exploring.
Done exploring.
Done exploring.
(D) Dungeon
Where to? (Enter - D:2, ? - help)
Things that are here:
a +0 dagger; 4 stones
There is a stone staircase leading down here.
You climb downwards.
There is a stone staircase leading up here.
Jessica the Apprentice Sorceress comes into view.
She is wielding a +0 club.
Found 17 gold pieces.
Jessica shouts!
You shoot an arrow. The arrow hits Jessica.
Jessica is heavily wounded.
A rat comes into view.
Jessica gestures at you while chanting. Pain shoots through your body!
There is a stone staircase leading up here.
You shoot an arrow. The arrow hits Jessica.
Jessica is severely wounded.
You shoot an arrow. The arrow barely misses Jessica.
Jessica drinks a potion.
Jessica is healed!
You shoot an arrow. The arrow hits Jessica!
Jessica is severely wounded.
Jessica casts a spell at you. Pain shoots through your body!
Ouch! That really hurt!
You die...

#.# r #.# ...
#.# ..$. #.#
...#.###.# ..
....#######
#.##@........
#.....#
#.##@## #.#
#.# #.. ###


You could see Jessica.

Vanquished Creatures
  4 worms
  5 endoplasms
  2 giant cockroaches (D:1)
  2 goblins
  2 hobgoblins (D:1)
  2 jackals (D:1)
  10 kobolds
  A ball python (D:1)
  3 bats
  3 frilled lizards (D:1)
  3 rats
  A spectral hobgoblin (D:1)
38 creatures vanquished.

Notes
Turn   | Place    | Note
-------+----------+-------------------------------------------
     0 | D:1      | Crownlay the Spriggan Hunter began the quest for the Orb.
     0 | D:1      | Reached XP level 1. HP: 10/10 MP: 2/2
    99 | D:1      | Reached skill level 5 in Bows
   218 | D:1      | Reached XP level 2. HP: 15/15 MP: 3/3
   428 | D:1      | Found a faded altar of an unknown god.
   511 | D:1      | Reached XP level 3. HP: 18/18 MP: 4/4
  1209 | D:3      | Noticed Jessica
  1214 | D:3      | Killed from afar by Jessica

Illustrated notes

Levels and vault maps discovered:
D:1:      dpeg_arrival_brainrot, layout_rooms,
          dreamdust_ecumenical_altar_drowned_temple, minmay_unequal
D:2:      layout_loops_ring
D:3:      layout_loops_ring, uniq_jessica

Skill      XL: |  1  2  3 |
---------------+----------+-----
Bows           | 5 |  5.5
Stealth        | 2 |  2.7
Dodging        | 3 |  3.4
Fighting       | 2 |  2.0

Action                   || total
-------------------------++-------
 Fire: Shortbow          ||    86
Armor: Robe              ||     1
Dodge: Dodged            ||    11

Table legend: (Time is in decaauts)
 A = Elapsed time spent in this place.
 B = Non-inter-level travel time spent in this place.
 C = Inter-level travel time spent in this place.
 D = Time resting spent in this place.
 E = Time spent auto-exploring this place.
 F = Levels seen in this place.
 G = Mean time per level.
                   A        B        C        D        E       F      G
               +--------+--------+--------+--------+--------+-----+--------+
         Total |    834 |    797 |     37 |      0 |    640 |   3 |  278.0 |
       Dungeon |    834 |    797 |     37 |      0 |    640 |   3 |  278.0 |
               +--------+--------+--------+--------+--------+-----+--------+

Top non-repeatable levels by time:
     D:1: 453 daAuts
     D:2: 375 daAuts
     D:3: 6 daAuts
